 Dungeon Crawl Stone Soup version 0.31-a0-183-g4352c244c2 (webtiles) character file.

Game seed: 13978215465245246524

811 Hajna the Cleaver (level 7, -1/61 HPs)
             Began as a Hill Orc Fighter on June 22, 2023.
             Was an Initiate of Beogh.
             Slain by a killer bee (6 damage)
             ... on level 5 of the Dungeon.
             The game lasted 00:08:03 (3299 turns).

Hajna the Cleaver (Hill Orc Fighter)                Turns: 3299, Time: 00:08:04

Health: -1/61      AC: 10    Str: 21    XL:     7   Next: 93%
Magic:  7/7        EV:  9    Int:  8    God:    Beogh [......]
Gold:   261        SH:  4    Dex: 10    Spells: 6/6 levels left

rFire   . . .        a - +0 war axe
rCold   . . .        c - +0 buckler
rNeg    . . .        b - +0 scale mail
rPois   .            (no helmet)
rElec   .            (no cloak)
rCorr   .            l - +2 pair of gloves
SInv    .            (no boots)
Will    .....        (no amulet) Stlth
                     (no ring)
HPRegen 0.30/turn    (no ring)
MPRegen 0.10/turn

%: no passive effects
@: lethally poisoned (-1 -> -5), invisible
A: no striking features
a: Renounce Religion


You were on level 5 of the Dungeon.
You worshipped Beogh.
Beogh was noncommittal.
You visited 1 branch of the dungeon, and saw 5 of its levels.

You collected 261 gold pieces.

Inventory:

Hand Weapons
 a - a +0 war axe (weapon)
 j - a +0 war axe
Missiles
 f - 17 poisoned darts (quivered)
 p - 4 javelins
 q - 2 boomerangs
Armour
 b - a +0 scale mail (worn)
 c - a +0 buckler (worn)
 l - a +2 pair of gloves (worn)
Jewellery
 s - a ring of flight
Scrolls
 g - a scroll of summoning
 k - a scroll of teleportation
Potions
 d - a potion of might
 e - a potion of enlightenment
 h - a potion of brilliance
 r - a potion of magic
 t - a potion of cancellation {unknown}


   Skills:
 + Level 5.3 Fighting
 + Level 8.3 Axes
 + Level 1.1 Throwing
 + Level 5.2 Armour
 + Level 1.1 Dodging
 + Level 0.3 Stealth
 + Level 4.1 Shields


You had 6 spell levels left.
You didn't know any spells.
Your spell library contained the following spells:

 Spells                   Type           Power      Damage    Failure   Level
 Apportation              Tloc           0%         N/A       80%         1
 Alistair's Intoxication  Tmut/Pois      0%         N/A       100%        5


Dungeon Overview and Level Annotations

Branches:
Dungeon (5/15)             Temple (0/1) D:4

Altars:
Ashenzari
Uskayaw


Message History

You bump into the rock wall.
You feel less invigorated.
You feel less confused.
You feel sick. The killer bee barely misses you.
The killer bee stings you but does no damage. x3
You slash the killer bee!
The killer bee is almost dead.
You barely miss the killer bee.
You feel sick.
You are no longer poisoned.
The killer bee stings you but does no damage.
The killer bee barely misses you.
The killer bee stings you but does no damage. x2
You closely miss the killer bee.
The killer bee is severely wounded.
You barely miss the killer bee. The killer bee barely misses you.
The killer bee stings you but does no damage.
You block the killer bee's attack.
The killer bee stings you but does no damage.
The killer bee stings you. You block the killer bee's attack.
You closely miss the killer bee.
The killer bee is severely wounded.
You closely miss the killer bee. The killer bee closely misses you.
The killer bee stings you.
* * * LOW HITPOINT WARNING * * *
You are poisoned.
The killer bee poisons you! The killer bee barely misses you.
The killer bee stings you.
* * * LOW HITPOINT WARNING * * *
You closely miss the killer bee.
The killer bee is severely wounded.
You miss the killer bee.
* * * LOW HITPOINT WARNING * * *
You feel very sick. The killer bee misses you. The killer bee stings you.
* * * LOW HITPOINT WARNING * * *
The killer bee closely misses you. x2
It was a potion of invisibility.
You fade into invisibility!
* * * LOW HITPOINT WARNING * * *
You feel sick. The killer bee stings you.
You die...

...# ##.#.# ####
####..#.# #...
#..P.#.. ###...###
#.♣PP#.#
#.......####....#.#
#........P...#
#.y#######..######
#.@yy....#.###...
########.#.###.###
#.......#
#####.#.#. ##.....
#....## #.#### #.#
#.#


You could see 3 killer bees.

Vanquished Creatures
  A black bear (D:5)
  2 ogres
  A phantom (D:4)
  A scorpion (D:5)
  3 killer bees (D:5)
  A howler monkey (D:5)
  A hound (D:5)
  An iguana (D:5)
  Terence (D:2)
  An orc wizard (D:4)
  4 gnolls
  4 adders
  A white imp (D:5)
  An ufetubus (D:5)
  2 worms
  2 dart slugs
  4 orcs
  6 endoplasms
  6 goblins
  9 hobgoblins
  A quokka (D:1)
  9 ball pythons
  2 bats
  3 frilled lizards
  4 kobolds
  3 rats
  A butterfly (D:4)
75 creatures vanquished.

Vanquished Creatures (others)
  An orc priest (D:5)
  A sleepcap (D:5)
  A white imp (D:5)
  3 orcs (D:5)
6 creatures vanquished.

Grand Total: 81 creatures vanquished

Notes
Turn   | Place    | Note
-------+----------+-------------------------------------------
     0 | D:1      | Hajna the Hill Orc Fighter began the quest for the Orb.
     0 | D:1      | Reached XP level 1. HP: 19/19 MP: 1/1
    85 | D:1      | Reached XP level 2. HP: 23/27 MP: 2/2
   359 | D:1      | Reached XP level 3. HP: 33/33 MP: 3/3
   618 | D:2      | Reached skill level 3 in Axes
   732 | D:2      | Noticed Terence
   738 | D:2      | Killed Terence
   739 | D:2      | Reached XP level 4. HP: 36/40 MP: 4/4
  1098 | D:2      | Reached skill level 4 in Axes
  2219 | D:3      | Found a hide-covered altar of Uskayaw.
  2256 | D:4      | Reached XP level 5. HP: 47/47 MP: 5/5
  2291 | D:4      | Found a staircase to the Ecumenical Temple.
  2320 | D:4      | Reached skill level 5 in Axes
  2364 | D:4      | Noticed an ogre
  2374 | D:4      | Noticed a phantom
  2378 | D:4      | Killed an ogre
  2379 | D:4      | Reached XP level 6. HP: 38/46 MP: 6/6
  2386 | D:4      | Reached skill level 6 in Axes
  2569 | D:4      | Found a broken altar of Ashenzari.
  2775 | D:5      | Entered Level 5 of the Dungeon
  2775 | D:5      | Noticed a black bear
  2813 | D:5      | Killed a black bear
  2814 | D:5      | Reached skill level 7 in Axes
  2814 | D:5      | Reached XP level 7. HP: 48/60 MP: 7/7
  2865 | D:5      | Became a worshipper of Beogh the Brigand
  2868 | D:5      | Reached skill level 5 in Fighting
  3017 | D:5      | Reached skill level 5 in Armour
  3020 | D:5      | Reached skill level 8 in Axes
  3272 | D:5      | Reached skill level 1 in Throwing
  3272 | D:5      | Reached skill level 1 in Dodging
  3299 | D:5      | Slain by a killer bee

Illustrated notes

Levels and vault maps discovered:
D:1:      zelgadis_glass_arrival_small, layout_rooms, serial_rivers,
          chequers_serial_rivers_small_b, chequers_serial_rivers_micro_c,
          chequers_serial_rivers_marsh, chequers_serial_rivers_small_a,
          chequers_serial_rivers_small_3, minmay_heptomino_d4
D:2:      layout_basic, grunt_decor_mini_mirrors, minmay_gold_behind_fungi,
          uniq_terence
D:3:      layout_basic, nicolae_uskayaw_dance_hall
D:4:      layout_gridville, kennysheep_mini, minmay_temple_entry_butterflies,
          serial_glass, glass_columns_b, glass_columns_c, nicolae_the_louvre
D:5:      layout_loops_ring, serial_demonic, serial_demonic_d, serial_demonic_b,
          serial_demonic_g, serial_demonic_d, serial_shops,
          nicolae_shop_pleasant_corner_grove, minmay_statues_item,
          eino_small_chamber_without_monster, lemuel_flamethrower_2

Skill      XL: |  1  2  3  4  5  6  7 |
---------------+----------------------+-----
Fighting       | 4 5 |  5.3
Axes           | 3 4 5 7 8 |  8.3
Armour         | 4 5 |  5.2
Shields        | 4 |  4.1
Throwing       | 1 |  1.1
Dodging        | 1 |  1.1
Stealth        | |  0.3

Action                     |  1- 3 |  4- 6 |  7- 9 || total
---------------------------+-------+-------+-------++-------
  Melee: War axe           |    61 |   134 |    57 ||   252
  Throw: Dart              |       |    13 |       ||    13
 Invoke: Convert to Beogh  |       |       |     1 ||     1
    Use: Scroll            |       |    11 |       ||    11
         Potion            |       |       |     4 ||     4
 Armour: Scale mail        |    28 |    54 |    27 ||   109
  Dodge: Dodged            |    23 |    61 |    43 ||   127
  Block: Buckler           |    10 |    25 |    15 ||    50

Table legend: (Time is in decaauts)
 A = Elapsed time spent in this place.
 B = Non-inter-level travel time spent in this place.
 C = Inter-level travel time spent in this place.
 D = Time resting spent in this place.
 E = Time spent auto-exploring this place.
 F = Levels seen in this place.
 G = Mean time per level.
                   A        B        C        D        E       F      G
               +--------+--------+--------+--------+--------+-----+--------+
         Total |   3372 |   3272 |    100 |      0 |   2617 |   5 |  674.4 |
       Dungeon |   3372 |   3272 |    100 |      0 |   2617 |   5 |  674.4 |
               +--------+--------+--------+--------+--------+-----+--------+

Top non-repeatable levels by time:
     D:2: 995 daAuts
     D:3: 701 daAuts
     D:1: 590 daAuts
     D:4: 562 daAuts
     D:5: 523 daAuts
